 Dungeon Crawl Stone Soup version 0.24-a0-521-g122614b (webtiles) character file.

Game seed: 13134623956199627747

20707 Spazmo the Eclecticist (level 12, 0/66 HPs)
             Began as a Deep Elf Fire Elementalist on July 29, 2019.
             Was an Elder of Vehumet.
             Slain by a white ugly thing (12 damage)
             ... in an ice cave.
             The game lasted 00:48:46 (15439 turns).

Spazmo the Eclecticist (DEFE)                      Turns: 15439, Time: 00:48:46

Health: 0/66       AC:  9    Str:  9    XL:     12   Next: 47%
Magic:  18/34      EV: 21    Int: 28    God:    Vehumet [****..]
Gold:   870        SH:  6    Dex: 15    Spells: 28/43 levels left

rFire    + . .     SeeInvis .   P - staff of fire
rCold    + + .     Gourm    .   s - +1 buckler
rNeg     . . .     Faith    +   t - +4 robe of Weacoxiox {rC+ MR+ Str+4}
rPois    +         Spirit   .   I - +0 hat "Soupralum" {*Contam +Blink MR+ Int+2}
rElec    .         Reflect  .   m - scarf {cloud immunity}
rCorr    .         Harm     .   (no gloves)
MR       +++..                  G - +0 pair of boots
Stlth    ++........             w - amulet of faith
HPRegen  0.21/turn              g - ring of poison resistance
MPRegen  0.24/turn              y - +5 ring of evasion

@: studying Translocations
A: talons 1, molten scales 1, cold resistance 1
a: Renounce Religion, Evoke Blink


You were in an ice cave.
You worshipped Vehumet.
Vehumet was greatly pleased with you.
You were not hungry.

You visited 3 branches of the dungeon, and saw 15 of its levels.
You also visited: Sewer and Ice Cave.

You collected 976 gold pieces.
You spent 106 gold pieces at shops.

Inventory:

Hand Weapons
 e - a +3 hand axe of holy wrath
Missiles
 b - 435 stones (quivered)
Armour
 m - a scarf of cloud immunity (worn)
 q - a +0 cloak
 s - a +1 buckler (worn)
 t - the +4 robe of Weacoxiox (worn) {rC+ MR+ Str+4}
   (You found it on level 9 of the Dungeon)

   It affects your strength (+4).
   It protects you from cold.
   It affects your resistance to hostile enchantments.
 G - a +0 pair of boots (worn)
 I - the +0 hat "Soupralum" (worn) {*Contam +Blink MR+ Int+2}
   (You acquired it on level 10 of the Dungeon)

   It affects your intelligence (+2).
   It affects your resistance to hostile enchantments.
   It lets you blink.
   It causes magical contamination when unequipped.
Magical Staves
 a - an uncursed staff of air
 n - an uncursed staff of earth
 M - an uncursed staff of summoning
 P - an uncursed staff of fire (weapon)
Jewellery
 g - a ring of poison resistance (left hand)
 v - a +4 ring of intelligence
 w - an amulet of faith (around neck)
 y - a +5 ring of evasion (right hand)
 D - an uncursed ring of resist corrosion
 H - an uncursed amulet of magic regeneration
Wands
 j - a wand of digging (4)
 p - a wand of iceblast (6)
 z - a wand of flame (20)
 E - a wand of acid (6)
 F - a wand of random effects (18)
 N - a wand of clouds (4)
Scrolls
 f - 10 scrolls of identify
 r - 8 scrolls of teleportation
 u - 4 scrolls of amnesia
 C - a scroll of remove curse
 J - 2 scrolls of enchant weapon
 Q - a scroll of fear
Potions
 d - 7 potions of flight
 h - 2 potions of mutation
 i - 2 potions of resistance
 k - 3 potions of haste
 l - 2 potions of brilliance
 x - 2 potions of invisibility
 A - 4 potions of curing
 B - 2 potions of might
 R - 2 potions of cancellation
Books
 L - a manual of Translocations
Miscellaneous
 K - a crystal ball of energy
Comestibles
 c - 24 rations


   Skills:
 + Level 3.7 Fighting
 + Level 6.2 Dodging
 - Level 2.4 Stealth
 - Level 4.0 Shields
 - Level 16.1 Spellcasting
 - Level 12.0 Conjurations
 - Level 10.3 Fire Magic


You had 28 spell levels left.
You knew the following spells:

 Your Spells              Type           Power        Failure   Level  Hunger
a - Flame Tongue          Conj/Fire      #####        0%          1    None
b - Throw Flame           Conj/Fire      ######       1%          2    None
c - Conjure Flame         Conj/Fire      #######.     1%          3    None
d - Sticky Flame          Conj/Fire      #######.     1%          4    None
e - Fireball              Conj/Fire      #######...   1%          5    None

Your spell library contained the following spells:

 Spells                   Type           Power        Failure   Level  Hunger
 Throw Icicle             Conj/Ice       ######..     1%          4    None
 Shock                    Conj/Air       ####         1%          1    None
 Inner Flame              Hex/Fire       ######..     1%          3    None
 Fulminant Prism          Conj/Hex       ######....   1%          4    None
 Summon Butterflies       Summ           ###.....     2%          1    None
 Call Canine Familiar     Summ           ###.....     6%          3    None
 Summon Ice Beast         Ice/Summ       ###.....     22%         4    None
 Summon Mana Viper        Hex/Summ       ###.....     52%         5    None
 Darkness                 Hex            ###.......   97%         6    ###....
 Summon Hydra             Summ           ###.......   100%        7    #####..
 Tornado                  Air            ###.......   100%        9    #######


Dungeon Overview and Level Annotations

Branches:
Dungeon (10/15)            Temple (1/1) D:6            Lair (4/6) D:10
  Swamp (0/4) Lair:4       Spider (0/4) Lair:4
    Orc: D:9-12

Altars:
Ashenzari
Fedhas
Gozag
Okawaru
Ru
Sif Muna
Trog
Uskayaw
Vehumet
Yredelemnul
The Shining One

Shops:
D:4 *   D:6 (}!![   D:8 [%

Annotations:
D:9 1 runed translucent door


Innate Abilities, Weirdness & Mutations

You have sharp toenails.
You are partially covered in molten scales. (AC +2)
Your flesh is cold resistant. (rC+)


Message History

Aiming: Flame Tongue (safe; 0% risk of failure)
Press: ? - help, Shift-Dir - straight line, f/p - white ugly thing
Aim: a white ugly thing (heavily wounded, covered in liquid flames)
You feel a surge of power!
The flame tongue hits the white ugly thing but does no damage.
The white ugly thing is heavily wounded.
The white ugly thing burns!
The white ugly thing stings you! The white ugly thing freezes you! You resist.
* * * LOW HITPOINT WARNING * * *
The white ugly thing burns!
Casting: Flame Tongue (safe; 0% risk of failure)
Confirm with . or Enter, or press ? or * to list all spells.
Aiming: Flame Tongue (safe; 0% risk of failure)
Press: ? - help, Shift-Dir - straight line, f/p - white ugly thing
Aim: a white ugly thing (severely wounded, covered in liquid flames)
You feel a surge of power!
The flame tongue hits the white ugly thing.
The white ugly thing is severely wounded.
The white ugly thing burns!
The white ugly thing stings you!
You die...

#######
##.....##
##...∩...##
##....@....##
#.....u.....#
#...........#
#...........#
#.............#
#....8...8....#
#......$......#
##....%©)....##
#...$.[.?...#


You could see a white ugly thing (burning).

Vanquished Creatures
  2 hydras (Lair:2)
  2 two-headed ogres
  A tengu warrior (D:10)
  4 elephants (Lair:3)
  3 black mambas
  A gargoyle (D:10)
  4 spiny frogs
  3 komodo dragons
  A yaktaur (D:10)
  A rime drake (Lair:1)
  2 ice devils (Lair:4)
  A polar bear (Lair:3)
  A hornet (D:9)
  3 blink frogs (Lair:1)
  A slime creature (D:10)
  4 hippogriffs
  A shadow (D:10)
  3 wyverns
  Sigmund (D:4)
  4 yaks (Lair:1)
  2 basilisks
  2 hungry ghosts
  2 soldier ants (D:9)
  An acid dragon (D:10)
  2 porcupines (Lair:3)
  10 ice beasts
  2 orc warriors
  6 water moccasins
  2 black bears (D:8)
  5 sky beasts
  4 phantoms
  4 wolves (Lair:2)
  An eye of draining (D:9)
  2 necrophages (D:10)
  5 ogres
  5 centaurs
  8 crocodiles
  10 bullfrogs
  4 scorpions
  A killer bee (D:10)
  4 howler monkeys
  2 crimson imps
  A quasit (D:9)
  4 centaur zombies
  8 hounds
  3 jellies
  Crazy Yiuf (D:3)
  11 orc priests
  10 orc wizards
  A centaur skeleton (D:10)
  2 iguanas
  7 worker ants
  A hound zombie (D:8)
  9 adders
  2 shadow imps
  7 oozes
  2 adder zombies
  2 adder skeletons
  10 worms
  A dart slug (D:1)
  4 leopard geckos
  55 orcs
  4 ball pythons
  8 giant cockroaches
  4 goblins
  2 hobgoblins
  12 jackals
  7 quokkas
  12 bats
  3 frilled lizards
  5 kobolds
  A quokka skeleton (D:7)
  7 rats
333 creatures vanquished.

Vanquished Creatures (others)
  2 fungi
  2 plants
4 creatures vanquished.

Grand Total: 337 creatures vanquished

Notes
Turn   | Place    | Note
-------+----------+-------------------------------------------
     0 | D:1      | Spazmo the Deep Elf Fire Elementalist began the quest for
                  | the Orb.
     0 | D:1      | Reached XP level 1. HP: 10/10 MP: 6/6
   290 | D:1      | Reached XP level 2. HP: 15/15 MP: 6/8
   294 | D:1      | Learned a level 2 spell: Throw Flame
   776 | D:2      | Found a hide-covered altar of Uskayaw.
   777 | D:2      | Gained mutation: Your flesh is cold resistant. (rC+)
                  | [potion of mutation]
   777 | D:2      | Gained mutation: You are partially covered in molten
                  | scales. (AC +2) [potion of mutation]
   777 | D:2      | Gained mutation: You have sharp toenails. [potion of
                  | mutation]
   835 | D:2      | Reached XP level 3. HP: 19/19 MP: 5/10
   840 | D:2      | Learned a level 3 spell: Conjure Flame
  1141 | D:2      | Reached skill level 4 in Spellcasting
  1141 | D:2      | Reached XP level 4. HP: 9/24 MP: 3/12
  1257 | D:2      | Found an iron altar of Okawaru.
  1803 | D:3      | Found a glowing drain.
  1844 | Sewer    | Entered a sewer
  1850 | Sewer    | Reached XP level 5. HP: 24/28 MP: 7/14
  1863 | Sewer    | Learned a level 4 spell: Sticky Flame
  2429 | Sewer    | Reached skill level 5 in Spellcasting
  2749 | D:3      | You fall into a shaft and drop 1 floor!
  2961 | D:3      | Found a blossoming altar of Fedhas.
  3013 | D:3      | Reached skill level 5 in Fire Magic
  3013 | D:3      | Reached XP level 6. HP: 16/32 MP: 6/16
  3020 | D:3      | Learned a level 5 spell: Fireball
  3466 | D:3      | Found a runed translucent door.
  3467 | D:3      | Noticed Crazy Yiuf
  3474 | D:3      | Killed Crazy Yiuf
  3744 | D:4      | Reached skill level 1 in Shields
  3892 | D:4      | Reached skill level 6 in Spellcasting
  3923 | D:4      | Reached XP level 7. HP: 36/36 MP: 8/18
  3992 | D:4      | Noticed Sigmund
  4238 | D:4      | Killed Sigmund
  4238 | D:4      | Reached skill level 5 in Conjurations
  4239 | D:4      | Found a sacrificial altar of Ru.
  4276 | D:4      | Found Unnul's Assorted Antiques.
  4451 | D:4      | Found a glowing golden altar of the Shining One.
  4521 | D:5      | Entered Level 5 of the Dungeon
  4661 | D:5      | Reached skill level 7 in Spellcasting
  4791 | D:5      | Reached XP level 8. HP: 40/41 MP: 10/20
  5897 | D:6      | Found Kaygen's Weapon Shoppe.
  5926 | D:6      | Found Muudugr Baink's Gadget Boutique.
  6030 | D:6      | Found a staircase to the Ecumenical Temple.
  6054 | Temple   | Entered the Ecumenical Temple
  6060 | Temple   | Became a worshipper of Vehumet
  6187 | D:6      | Found Birill's Armour Boutique.
  6253 | D:6      | Found Roapung's Distillery.
  6258 | D:6      | Bought a potion of degeneration for 13 gold pieces
  6349 | D:6      | Found Naonacul's Distillery.
  6411 | D:6      | Found an opulent altar of Gozag.
  6593 | D:7      | Identified a scroll of acquirement
  6616 | D:7      | Reached skill level 8 in Spellcasting
  6829 | D:7      | Noticed a hippogriff
  6924 | D:7      | Killed a hippogriff
  6924 | D:7      | Reached XP level 9. HP: 19/45 MP: 9/23
  7064 | D:7      | Reached * piety under Vehumet
  7064 | D:7      | Offered knowledge of Sting by Vehumet.
  7075 | D:7      | Reached skill level 9 in Spellcasting
  7773 | D:4      | Bought a scroll labeled ZALOMIFFI for 31 gold pieces
  7773 | D:4      | Bought a scroll labeled ZALOMIFFI for 31 gold pieces
  7773 | D:4      | Bought a scroll labeled GIGONG MEGUSA for 31 gold pieces
  8219 | D:8      | Found Ynkuz's Food Emporium.
  8397 | D:8      | HP: 2/45 [centaur/arrow (5)]
  8408 | D:8      | Reached skill level 10 in Spellcasting
  8545 | D:8      | Reached ** piety under Vehumet
  8634 | D:8      | Offered knowledge of Freeze by Vehumet.
  8704 | D:8      | Found Waaxkoin's Antique Armour Shop.
  8706 | D:8      | Noticed a two-headed ogre
  8723 | D:8      | Killed a two-headed ogre
  8723 | D:8      | Reached XP level 10. HP: 34/50 MP: 23/26
  9120 | D:9      | Noticed a two-headed ogre
  9128 | D:9      | Killed a two-headed ogre
  9128 | D:9      | Reached skill level 11 in Spellcasting
  9329 | D:9      | Noticed a sixfirhy
  9330 | D:9      | Found a runed translucent door.
  9454 | D:9      | Got a shadowed robe
  9455 | D:9      | Identified the +4 robe of Weacoxiox {rC+ MR+ Str+4} (You
                  | found it on level 9 of the Dungeon)
  9498 | D:9      | Offered knowledge of Searing Ray by Vehumet.
  9541 | D:9      | Reached skill level 10 in Fire Magic
  9982 | D:10     | Entered Level 10 of the Dungeon
  9984 | D:10     | Reached *** piety under Vehumet
 10188 | D:10     | Reached skill level 10 in Conjurations
 10197 | D:10     | Reached skill level 12 in Spellcasting
 10334 | D:10     | Found a staircase to the Lair.
 10461 | D:10     | Offered knowledge of Airstrike by Vehumet.
 10772 | D:10     | Got a slimy hat
 10773 | D:10     | Identified the +0 hat "Soupralum" {*Contam +Blink MR+
                  | Int+2} (You acquired it on level 10 of the Dungeon)
 10789 | D:10     | Reached XP level 11. HP: 50/54 MP: 19/29
 10989 | D:10     | Noticed a tengu warrior
 10994 | D:10     | Killed a tengu warrior
 10994 | D:10     | Reached **** piety under Vehumet
 10994 | D:10     | Reached skill level 13 in Spellcasting
 11713 | D:10     | Identified Zionen's Compendium of Gliding Malediction
 11964 | Lair:1   | Entered Level 1 of the Lair of Beasts
 12749 | Lair:1   | Reached skill level 14 in Spellcasting
 13131 | Lair:2   | Noticed a five-headed hydra
 13135 | Lair:2   | Killed a five-headed hydra
 13258 | Lair:2   | You fall into a shaft and drop 1 floor!
 13391 | Lair:2   | Reached skill level 15 in Spellcasting
 13745 | Lair:2   | Noticed a five-headed hydra
 13752 | Lair:2   | Killed a five-headed hydra
 13752 | Lair:2   | Offered knowledge of Throw Icicle by Vehumet.
 13935 | Lair:2   | Reached XP level 12. HP: 42/59 MP: 25/33
 14515 | Lair:3   | Reached skill level 16 in Spellcasting
 14561 | Lair:3   | Reached skill level 1 in Fighting
 15290 | Lair:4   | Reached skill level 5 in Dodging
 15361 | Lair:4   | Found a frozen archway.
 15429 | IceCv    | Entered an ice cave
 15439 | IceCv    | Slain by a white ugly thing

Levels and vault maps discovered:
D:1:      psy_arrival_dodecagon, layout_loops_ring, wad_floor_pattern_1
D:2:      cheibrodos_pilgrimage, layout_basic, okawaru_gym_becter,
          lemuel_doored_altar, first_ration, minmay_heptomino_l4
D:3:      layout_loops_corners, fedhas_altar_1, portal_sewer_entry_b,
          uniq_crazy_yiuf_cottage
D:4:      layout_rooms, nicolae_tso_carved_into_rock,
          nicolae_ru_great_annihilating_truth, serial_shops, nicolae_shop_stone,
          uniq_sigmund
D:5:      layout_basic, serial_park_tiny_2
D:6:      layout_basic, kennysheep_mini, minmay_temple_entry_purple_smoke,
          serial_shops, shop, nicolae_shop_stone, kennysheep_little_box,
          nicolae_shop_waterfront, nicolae_shop_behind_doors
D:7:      layout_basic
D:8:      layout_basic, serial_shops, nicolae_shop_overgrown_old_shop,
          shop_statue
D:9:      cheibrodos_shockbox, layout_irregular_city, hangedman_pestilent_swarm
D:10:     minmay_the_grid_triangle_9x9_rhombus_full
          [minmay_the_grid_triangle_9x9_corrupted_corridor,
          minmay_the_grid_triangle_9x9_zippers_horizontal,
          minmay_the_grid_triangle_9x9_checkered,
          minmay_the_grid_triangle_9x9_odd_lines,
          minmay_the_grid_triangle_9x9_skeleton,
          minmay_the_grid_triangle_9x9_flanged_cone,
          minmay_the_grid_triangle_9x9_thin_v,
          minmay_the_grid_triangle_9x9_prize_center], layout_irregular_city,
          david_lair_shrubbed
Temple:   eino_temple_rhombus
Lair:1:   layout_layer_cave
Lair:2:   layout_cave_pods, serial_bayou_shore_b
Lair:3:   layout_chaotic_city
Lair:4:   layout_layer_cave, swamp_mist, spider_nest_entry_funnel_web,
          portal_ice_cave_demonic_guard, serial_bayou_pond_d, fungi_pond_lemuel,
          serial_bayou_pond_c, serial_bayou_shore_b
IceCv:    ice_cave_statue_garden_transporter

Skill      XL: |  1  2  3  4  5  6  7  8  9 10 11 12 |
---------------+-------------------------------------+-----
Conjurations   | 2 3 4 5 6 8 10 12 | 12.0
Spellcasting   | 4 5 6 7 8 10 12 15 16 | 16.1
Fire Magic     | 4 5 6 7 9 10 | 10.3
Shields        | 1 2 4 |  4.0
Fighting       | 3 |  3.7
Dodging        | 6 |  6.2
Stealth        | |  2.4

Action                   |  1- 3 |  4- 6 |  7- 9 | 10-12 || total
-------------------------+-------+-------+-------+-------++-------
Melee: Dagger            |       |    10 |    51 |       ||    61
       Kick              |       |     1 |     7 |       ||     8
       Hand axe          |       |       |     6 |    14 ||    20
 Cast: Flame Tongue      |    43 |   179 |   208 |   298 ||   728
       Throw Flame       |     2 |    16 |    52 |    74 ||   144
       Sticky Flame      |       |     2 |    19 |    73 ||    94
       Fireball          |       |       |     3 |    14 ||    17
       Conjure Flame     |       |       |       |     6 ||     6
Evoke: Wand              |       |       |       |     1 ||     1
  Use: Scroll            |     5 |     4 |     7 |    11 ||    27
       Potion            |     2 |     8 |     1 |     2 ||    13
 Stab: Distracted        |       |       |     1 |       ||     1
       Sleeping          |       |       |       |     1 ||     1
  Eat: Chunk             |     1 |     9 |    12 |    13 ||    35
       Ration            |       |       |     1 |     3 ||     4
Armor: Robe              |       |    25 |    31 |    23 ||    79
Dodge: Dodged            |     7 |    86 |    83 |    95 ||   271
Block: Buckler           |       |     7 |    36 |    39 ||    82

Table legend:
 A = Non-vault XP
 B = Vault XP
 C = Vault XP percentage of total XP
 D = Non-vault monster count
 E = Vault monster count
 F = Vault count percentage of total count
                 A         B        C        D         E       F
            +---------+---------+-------+---------+---------+-------
      Total |   22495 |    7087 |  24.0 |     258 |      75 |  22.5
            +---------+---------+-------+---------+---------+-------
        D:1 |      32 |       0 |   0.0 |      17 |       0 |   0.0
        D:2 |      19 |     112 |  85.5 |       6 |       9 |  60.0
        D:3 |     127 |      45 |  26.2 |      23 |       3 |  11.5
        D:4 |     434 |     265 |  37.9 |      35 |       5 |  12.5
        D:5 |     493 |       0 |   0.0 |      17 |       0 |   0.0
        D:6 |     535 |       0 |   0.0 |      21 |       0 |   0.0
        D:7 |    1405 |       0 |   0.0 |      19 |       0 |   0.0
        D:8 |    2656 |       0 |   0.0 |      32 |       0 |   0.0
        D:9 |    1914 |     623 |  24.6 |      13 |       4 |  23.5
       D:10 |    1666 |    4495 |  73.0 |      23 |      21 |  47.7
     Lair:1 |    2783 |       0 |   0.0 |      12 |       0 |   0.0
     Lair:2 |    4932 |       0 |   0.0 |      20 |       0 |   0.0
     Lair:3 |    3930 |       0 |   0.0 |      14 |       0 |   0.0
     Lair:4 |    1569 |     677 |  30.1 |       6 |       2 |  25.0
      Sewer |       0 |      87 | 100.0 |       0 |      25 | 100.0
      IceCv |       0 |     783 | 100.0 |       0 |       6 | 100.0
            +---------+---------+-------+---------+---------+-------
